[ AOE2 MATCH · #504610105 ]
UnrankedSlavs vs Khitans
Player's team · LOSS
Rival team · WIN
[ REPLAY ANALYSIS · EXTRACTED FROM THE RECORDED GAME ]
Feudal
8:59
Castle
20:49
Imperial
—
| APM avg | 41.5 |
| APM peak | 71 |
| eAPM avg | 26.2 |
| Villagers / military | 109 / 44 |
Focus
⚔️ 43.2% · 🌾 56.8%
Knight ×26 · Archer ×5 · Scorpion ×4 · Mangonel ×3 · Boyar ×2 · Spearman ×2
Feudal
9:16
Castle
19:04
Imperial
—
| APM avg | 78.4 |
| APM peak | 126 |
| eAPM avg | 37.5 |
| Villagers / military | 95 / 138 |
Focus
⚔️ 64.1% · 🌾 35.9%
Militia ×88 · Fire Lancer ×37 · Battering Ram ×8 · Spearman ×3 · Scorpion ×2
Match map
Initial resources + every placement click. Lines = walls · curves = elevation contours. ◆ gold · ⬟ stone · ● berries · ✦ relic · ◌ wall gap
Your base· ✓ Closed at 20:49 · 40t walls · no gate
nW | Sgt.Pepper's base· ✓ Closed at 19:04 · 59t walls · no gate
Smoothed initial terrain · ◌ = detected wall gap · hover for details
Inputs per minute
— Sportfan - - nW | Sgt.Pepper
Build order — Sportfan
First 150 of 243 actions detected
| 0:09 | Queue | Villager (Male) |
| 0:09 | Queue | Villager (Male) |
| 0:10 | Build | House |
| 0:12 | Build | House |
| 0:17 | Queue | Villager (Male) |
| 0:17 | Queue | Villager (Male) |
| 0:17 | Queue | Villager (Male) |
| 1:47 | Queue | Villager (Male) |
| 1:56 | Build | Lumber Camp |
| 2:12 | Queue | Villager (Male) |
| 2:12 | Queue | Villager (Male) |
| 2:21 | Queue | Villager (Male) |
| 2:52 | Queue | Villager (Male) |
| 3:16 | Queue | Villager (Male) |
| 3:47 | Build | House |
| 3:50 | Queue | Villager (Male) |
| 3:51 | Queue | Villager (Male) |
| 4:12 | Queue | Villager (Male) |
| 4:30 | Build | Mill |
| 4:35 | Queue | Villager (Male) |
| 4:36 | Queue | Villager (Male) |
| 4:36 | Queue | Villager (Male) |
| 5:03 | Queue | Villager (Male) |
| 5:07 | Research | Loom |
| 6:42 | Research | Feudal Age |
| 7:18 | Build | Lumber Camp |
| 7:43 | Queue | Villager (Male) |
| 8:01 | Build | Barracks |
| 8:26 | Build | House |
| 8:59 | Age | Feudal Age |
| 9:01 | Queue | Spearman |
| 9:04 | Research | Double-Bit Axe |
| 9:05 | Research | Double-Bit Axe |
| 9:05 | Research | Horse Collar |
| 9:08 | Queue | Villager (Male) |
| 9:29 | Build | House |
| 9:31 | Build | House |
| 9:35 | Queue | Villager (Male) |
| 9:40 | Build | Palisade Wall |
| 9:43 | Build | Palisade Wall |
| 9:45 | Queue | Villager (Male) |
| 9:48 | Build | House |
| 9:50 | Build | Palisade Wall |
| 10:21 | Queue | Villager (Male) |
| 10:31 | Build | Archery Range |
| 10:37 | Build | House |
| 10:41 | Build | House |
| 10:43 | Build | House |
| 10:52 | Queue | Villager (Male) |
| 10:56 | Build | Archery Range |
| 11:13 | Build | Palisade Wall |
| 11:18 | Queue | Spearman |
| 11:21 | Queue | Villager (Male) |
| 11:34 | Build | Farm |
| 11:34 | Build | Farm |
| 11:41 | Queue | Villager (Male) |
| 11:45 | Build | Mining Camp |
| 11:51 | Queue | Archer |
| 12:03 | Queue | Villager (Male) |
| 12:20 | Queue | Villager (Male) |
| 12:26 | Queue | Villager (Male) |
| 12:28 | Build | Farm |
| 12:29 | Build | Farm |
| 12:34 | Queue | Skirmisher |
| 12:41 | Build | Palisade Wall |
| 12:44 | Queue | Villager (Male) |
| 12:55 | Build | Palisade Wall |
| 12:59 | Build | Farm |
| 13:19 | Queue | Villager (Male) |
| 13:28 | Build | Farm |
| 13:32 | Queue | Skirmisher |
| 13:33 | Queue | Villager (Male) |
| 13:46 | Queue | Villager (Male) |
| 14:06 | Build | Blacksmith |
| 14:14 | Queue | Villager (Male) |
| 14:16 | Build | Farm |
| 14:17 | Build | Farm |
| 14:25 | Queue | Villager (Male) |
| 14:33 | Queue | Archer |
| 14:33 | Queue | Archer |
| 15:02 | Research | Fletching |
| 15:05 | Build | Farm |
| 15:38 | Queue | Villager (Male) |
| 15:42 | Build | House |
| 15:45 | Build | Palisade Wall |
| 15:47 | Queue | Archer |
| 15:53 | Queue | Villager (Male) |
| 15:59 | Build | Farm |
| 16:00 | Build | Farm |
| 16:07 | Queue | Villager (Male) |
| 16:09 | Build | Farm |
| 16:10 | Build | Farm |
| 16:17 | Build | House |
| 16:23 | Build | Palisade Wall |
| 16:25 | Build | Palisade Wall |
| 16:28 | Queue | Villager (Male) |
| 16:31 | Build | Farm |
| 16:40 | Queue | Archer |
| 16:43 | Queue | Villager (Male) |
| 17:22 | Research | Gold Mining |
| 17:23 | Research | Gold Mining |
| 17:31 | Research | Scale Mail Armor |
| 17:31 | Research | Scale Barding Armor |
| 17:35 | Build | Stable |
| 17:57 | Build | Stable |
| 18:08 | Research | Castle Age |
| 18:08 | Research | Castle Age |
| 18:12 | Build | Farm |
| 18:15 | Build | House |
| 18:17 | Build | Palisade Wall |
| 18:36 | Research | Scale Barding Armor |
| 18:43 | Build | Farm |
| 19:37 | Research | Bloodlines |
| 19:51 | Build | Farm |
| 20:21 | Queue | Villager (Male) |
| 20:49 | Age | Castle Age |
| 20:50 | Queue | Knight |
| 20:50 | Queue | Knight |
| 20:52 | Research | Chain Barding Armor |
| 20:52 | Research | Chain Barding Armor |
| 20:53 | Queue | Villager (Male) |
| 20:58 | Build | Town Center |
| 21:09 | Queue | Villager (Male) |
| 21:18 | Queue | Knight |
| 21:23 | Build | House |
| 21:25 | Build | Palisade Wall |
| 21:26 | Build | Palisade Wall |
| 21:27 | Build | House |
| 21:29 | Queue | Villager (Male) |
| 21:31 | Queue | Knight |
| 21:32 | Queue | Villager (Male) |
| 21:33 | Queue | Villager (Male) |
| 21:34 | Queue | Knight |
| 21:34 | Queue | Knight |
| 21:36 | Build | Stable |
| 21:42 | Queue | Villager (Male) |
| 21:42 | Queue | Villager (Male) |
| 21:48 | Queue | Villager (Male) |
| 22:04 | Build | Stable |
| 22:29 | Queue | Villager (Male) |
| 22:30 | Queue | Villager (Male) |
| 22:30 | Queue | Knight |
| 22:30 | Queue | Knight |
| 22:31 | Queue | Knight |
| 22:36 | Queue | Villager (Male) |
| 22:36 | Queue | Villager (Male) |
| 22:54 | Build | Farm |
| 22:57 | Build | Farm |
| 22:58 | Build | Farm |
| 22:59 | Build | Farm |
Build order — nW | Sgt.Pepper
First 150 of 302 actions detected
| 0:00 | Queue | Villager (Male) ×4 |
| 0:01 | Queue | Villager (Male) ×4 |
| 0:02 | Build | House |
| 0:03 | Build | House |
| 1:27 | Queue | Villager (Male) |
| 1:54 | Queue | Villager (Male) |
| 2:21 | Queue | Villager (Male) |
| 2:32 | Build | Lumber Camp |
| 2:45 | Queue | Villager (Male) |
| 2:54 | Queue | Villager (Male) |
| 3:28 | Build | House |
| 3:34 | Queue | Villager (Male) |
| 3:34 | Queue | Villager (Male) |
| 4:12 | Queue | Villager (Male) |
| 4:13 | Queue | Villager (Male) |
| 4:14 | Queue | Villager (Male) |
| 4:31 | Queue | Villager (Male) |
| 4:31 | Queue | Villager (Male) |
| 4:53 | Queue | Villager (Male) |
| 5:09 | Queue | Villager (Male) |
| 5:29 | Build | Barracks |
| 5:59 | Build | House |
| 6:02 | Research | Loom |
| 6:31 | Build | House |
| 6:56 | Research | Feudal Age |
| 7:01 | Queue | Militia |
| 7:01 | Queue | Militia |
| 7:19 | Queue | Militia |
| 7:19 | Queue | Militia |
| 7:40 | Build | Mining Camp |
| 7:55 | Queue | Militia |
| 8:03 | Build | Mill |
| 8:20 | Queue | Villager (Male) |
| 8:48 | Queue | Villager (Male) |
| 9:16 | Age | Feudal Age |
| 9:16 | Queue | Spearman |
| 9:17 | Research | Double-Bit Axe |
| 9:32 | Queue | Villager (Male) |
| 9:35 | Build | Pasture |
| 9:48 | Research | Man-at-Arms (upgrade) |
| 9:48 | Research | Man-at-Arms (upgrade) |
| 10:02 | Build | Pasture |
| 10:12 | Build | House |
| 10:17 | Queue | Villager (Male) |
| 10:49 | Queue | Villager (Male) |
| 10:51 | Build | Pasture |
| 11:05 | Queue | Villager (Male) |
| 11:10 | Build | House |
| 11:22 | Queue | Villager (Male) |
| 11:23 | Queue | Villager (Male) |
| 11:23 | Queue | Villager (Male) |
| 11:34 | Build | Pasture |
| 11:42 | Build | Palisade Wall |
| 11:49 | Research | Arson |
| 11:49 | Research | Arson |
| 11:49 | Queue | Villager (Male) |
| 12:05 | Queue | Villager (Male) |
| 12:17 | Queue | Villager (Male) |
| 12:23 | Research | Tech 1014 |
| 12:24 | Research | Tech 1014 |
| 12:27 | Build | House |
| 12:43 | Queue | Villager (Male) |
| 12:53 | Queue | Villager (Male) |
| 13:08 | Queue | Villager (Male) |
| 13:22 | Build | Blacksmith |
| 13:27 | Queue | Militia |
| 13:33 | Queue | Militia |
| 13:33 | Queue | Villager (Male) |
| 13:41 | Queue | Militia |
| 13:47 | Queue | Militia |
| 13:47 | Queue | Villager (Male) |
| 13:51 | Build | Palisade Wall |
| 13:54 | Build | House |
| 14:07 | Build | House |
| 14:14 | Research | Scale Mail Armor |
| 14:38 | Build | Market |
| 14:45 | Queue | Villager (Male) |
| 14:48 | Build | House |
| 14:49 | Build | Palisade Wall |
| 15:01 | Queue | Villager (Male) |
| 15:16 | Queue | Villager (Male) |
| 15:29 | Queue | Villager (Male) |
| 15:37 | Build | Barracks |
| 15:53 | Build | House |
| 15:55 | Build | Palisade Wall |
| 16:09 | Build | Pasture |
| 16:19 | Build | Palisade Wall |
| 16:22 | Build | Palisade Wall |
| 16:24 | Research | Castle Age |
| 16:24 | Research | Castle Age |
| 16:32 | Queue | Militia |
| 16:38 | Build | Palisade Wall |
| 16:39 | Build | Palisade Wall |
| 16:48 | Queue | Militia |
| 16:49 | Queue | Militia |
| 16:53 | Build | House |
| 16:55 | Build | Palisade Wall |
| 17:09 | Build | Pasture |
| 17:13 | Queue | Militia ×2 |
| 17:13 | Queue | Spearman |
| 17:13 | Queue | Militia ×2 |
| 17:35 | Build | Pasture |
| 17:38 | Queue | Militia |
| 17:39 | Queue | Militia |
| 17:39 | Queue | Militia |
| 18:09 | Build | Pasture |
| 18:17 | Research | Forging |
| 18:39 | Queue | Villager (Male) |
| 18:53 | Build | Palisade Wall |
| 19:04 | Age | Castle Age |
| 19:07 | Research | Long Swordsman (upgrade) |
| 19:09 | Research | Gambesons |
| 19:13 | Build | Pasture |
| 19:16 | Queue | Villager (Male) |
| 19:24 | Research | Scale Mail Armor |
| 19:24 | Research | Scale Mail Armor |
| 19:31 | Queue | Villager (Male) |
| 19:31 | Queue | Villager (Male) |
| 19:35 | Build | Pasture |
| 19:39 | Build | Pasture |
| 19:43 | Queue | Villager (Male) |
| 20:02 | Queue | Villager (Male) |
| 20:06 | Build | Palisade Gate |
| 20:15 | Queue | Villager (Male) |
| 20:15 | Queue | Militia |
| 20:23 | Queue | Militia |
| 20:24 | Queue | Militia |
| 20:29 | Queue | Villager (Male) |
| 20:32 | Build | Siege Workshop |
| 20:44 | Queue | Militia |
| 20:45 | Queue | Militia |
| 20:45 | Queue | Militia |
| 21:02 | Research | Iron Casting |
| 21:03 | Research | Iron Casting |
| 21:04 | Queue | Villager (Male) |
| 21:15 | Queue | Villager (Male) |
| 21:21 | Queue | Militia |
| 21:32 | Queue | Militia |
| 21:38 | Queue | Militia |
| 21:49 | Queue | Militia |
| 21:58 | Build | Palisade Gate |
| 21:59 | Queue | Villager (Male) |
| 22:05 | Queue | Villager (Male) |
| 22:14 | Research | Squires |
| 22:14 | Research | Squires |
| 22:18 | Build | Pasture |
| 22:19 | Build | Pasture |
| 22:30 | Queue | Villager (Male) |
| 22:30 | Queue | Villager (Male) |
| 22:33 | Queue | Villager (Male) |
Match timeline
| 5:29 | nW | Sgt.Pepper · first_building Barracks |
| 8:01 | Sportfan · first_building Barracks |
| 8:59 | Sportfan · age_up feudal |
| 9:16 | nW | Sgt.Pepper · age_up feudal |
| 9:40 | Sportfan · wall_segment Palisade Wall x10 |
| 9:43 | Sportfan · wall_segment Palisade Wall x1 |
| 9:50 | Sportfan · wall_segment Palisade Wall x4 |
| 10:31 | Sportfan · first_building Archery Range |
| 11:13 | Sportfan · wall_segment Palisade Wall x1 |
| 11:42 | nW | Sgt.Pepper · wall_segment Palisade Wall x6 |
| 12:41 | Sportfan · wall_segment Palisade Wall x1 |
| 12:55 | Sportfan · wall_segment Palisade Wall x1 |
| 13:51 | nW | Sgt.Pepper · wall_segment Palisade Wall x1 |
| 14:49 | nW | Sgt.Pepper · wall_segment Palisade Wall x6 |
| 15:45 | Sportfan · wall_segment Palisade Wall x1 |
| 15:55 | nW | Sgt.Pepper · wall_segment Palisade Wall x1 |
| 16:19 | nW | Sgt.Pepper · wall_segment Palisade Wall x27 |
| 16:22 | nW | Sgt.Pepper · wall_segment Palisade Wall x1 |
| 16:23 | Sportfan · wall_segment Palisade Wall x8 |
| 16:25 | Sportfan · wall_segment Palisade Wall x4 |
| 16:38 | nW | Sgt.Pepper · wall_segment Palisade Wall x3 |
| 16:39 | nW | Sgt.Pepper · wall_segment Palisade Wall x6 |
| 16:55 | nW | Sgt.Pepper · wall_segment Palisade Wall x9 |
| 17:35 | Sportfan · first_building Stable |
| 18:17 | Sportfan · wall_segment Palisade Wall x9 |
| 18:53 | nW | Sgt.Pepper · wall_segment Palisade Wall x1 |
| 19:04 | nW | Sgt.Pepper · age_up castle |
| 20:32 | nW | Sgt.Pepper · first_building Siege Workshop |
| 20:49 | Sportfan · age_up castle |
| 21:02 | nW | Sgt.Pepper · first_market_buy 100 food |
| 21:25 | Sportfan · wall_segment Palisade Wall x1 |
| 21:26 | Sportfan · wall_segment Palisade Wall x1 |
| 24:37 | Sportfan · first_building Siege Workshop |
| 29:45 | Sportfan · first_market_sell 100 wood |
| 29:58 | Sportfan · first_building Castle |
| 31:30 | Sportfan · first_market_buy 100 food |
| 33:39 | nW | Sgt.Pepper · first_building Monastery |
| 34:33 | Sportfan · resign |
[ AI ANALYSIS · 1 CREDIT ]
What really happened in this match?
Wolo.gg analyzes every decision: build order, eco, micro, common mistakes by bracket. Personalized analysis on WhatsApp or Discord in 30 seconds.
Civ guide
Slavs
Perfil
Jugador #2268330